 Dungeon Crawl Stone Soup version 0.27.1 (webtiles) character file.

Game seed: 9507423167828104847

71 GameOver the Conjurer (level 4, -2/36 HPs)
             Began as a Naga Hedge Wizard on Aug 29, 2021.
             Splashed by a jelly's acid (9 damage)
             ... on level 2 of the Dungeon.
             The game lasted 00:06:00 (1150 turns).

GameOver the Conjurer (Naga Hedge Wizard)           Turns: 1150, Time: 00:06:01

Health: -2/36      AC: -1    Str: 13    XL:     4   Next: 24%
Magic:  2/8        EV:  9    Int: 15    God:
Gold:   44         SH:  0    Dex: 10    Spells: 3/9 levels left

rFire    . . .     SeeInvis +   s - +0 spear
rCold    . . .     Faith    .   (no shield)
rNeg     . . .     Spirit   .   b - +0 robe
rPois    +         Reflect  .   c - +0 hat
rElec    .         Harm     .   (no cloak)
rCorr    .         Rampage  .   (no gloves)
Will     .....                  (no barding)
Stlth    ++........             (no amulet)
HPRegen  0.12/turn              (no ring)
MPRegen  0.11/turn              (no ring)

@: corroded, very slow
A: AC +1, large, see invisible, deformed body, poison resistance, slowness 2,
spit poison 1, naga tail 1
a: Spit Poison


You were on level 2 of the Dungeon.
You visited 1 branch of the dungeon, and saw 2 of its levels.

You collected 44 gold pieces.

Inventory:

Hand Weapons
 s - a +0 spear (weapon)
 w - a +0 short sword
Armour
 b - a +0 robe (worn)
 c - a +0 hat (worn)
Wands
 f - a wand of charming (7)
Scrolls
 a - a scroll of blinking {unknown}
 d - a scroll of noise {unknown}
 e - a scroll of identify {unknown}


   Skills:
 - Level 1.5 Dodging
 - Level 3.0 Stealth
 - Level 3.0 Spellcasting
 + Level 4.0 Conjurations
 - Level 1.0 Summonings
 - Level 1.0 Translocations


You had 3 spell levels left.
You knew the following spells:

 Your Spells              Type           Power      Damage    Failure   Level
a - Magic Dart            Conj           56%        1d5       3%          1
b - Blink                 Tloc           N/A        N/A       21%         2
d - Mephitic Cloud        Conj/Pois/Air  6%         N/A       34%         3

Your spell library contained the following spells:

 Spells                   Type           Power      Damage    Failure   Level
 Call Imp                 Summ           5%         N/A       21%         2
 Conjure Flame            Conj/Fire      8%         6-21      26%         3
 Slow                     Hex            2%         N/A       30%         2


Dungeon Overview and Level Annotations

Branches:
Dungeon (2/15)

Altars:


Innate Abilities, Weirdness & Mutations

Your serpentine skin is tough. (AC +1)
You have supernaturally acute eyesight. (SInv)
Armour fits poorly on your strangely shaped body.
Your system is resistant to poisons. (rPois)
You cover ground very slowly.
You can spit poison.
You have a snake-like lower body.


Message History

The magic dart hits the jelly.
The jelly is heavily wounded.
The jelly hits you.
You are splashed with acid.
Casting: Magic Dart (safe; 3% risk of failure)
Confirm with . or Enter, or press ? or * to list all spells.
Aiming: Magic Dart (safe; 3% risk of failure)
Press: ? - help, Shift-Dir - straight line, f/p - jelly
Aim: a jelly (heavily wounded, 100% to hit)
The magic dart hits the jelly.
The jelly is heavily wounded.
The jelly misses you.
Casting: Magic Dart (safe; 3% risk of failure)
Confirm with . or Enter, or press ? or * to list all spells.
Aiming: Magic Dart (safe; 3% risk of failure)
Press: ? - help, Shift-Dir - straight line, f/p - jelly
Aim: a jelly (heavily wounded, 100% to hit)
The magic dart hits the jelly.
The jelly is severely wounded.
The jelly hits you.
You are splashed with acid!
* * * LOW HITPOINT WARNING * * *
You aren't carrying any potions.
Casting: Magic Dart (safe; 3% risk of failure)
Confirm with . or Enter, or press ? or * to list all spells.
Aiming: Magic Dart (safe; 3% risk of failure)
Press: ? - help, Shift-Dir - straight line, f/p - jelly
Aim: a jelly (severely wounded, 100% to hit)
The magic dart hits the jelly.
The jelly is severely wounded.
The jelly completely misses you.
Casting: Magic Dart (safe; 3% risk of failure)
Confirm with . or Enter, or press ? or * to list all spells.
Aiming: Magic Dart (safe; 3% risk of failure)
Press: ? - help, Shift-Dir - straight line, f/p - jelly
Aim: a jelly (severely wounded, 100% to hit)
The magic dart hits the jelly.
The jelly is severely wounded.
The jelly hits you.
* * * LOW HITPOINT WARNING * * *
The acid corrodes you!
You are splashed with acid!
You die...

....#.. ##########.#.# ....#..
### #.#.# #.....#
#######.##JJ.J.)##.#.####
......###....#.#)#PP....##.......
#. #..##.....#.#.#.....÷####.##.#
#. #..'......#'#.#.÷÷PP.# #.##.#
#. #..'........#.#.÷÷...# #)##.#
#. #..').......#.#J..PP.# #.##.#
#.##..##.......#@#......# #.##.#
#..)..###.....)##J......# #.##.#
#####.############......# #.##.#
#...)..####### ######## #.##.#
#...##.......# ##### #.##.#
+............. .....##.##.#
#.....).###### ###...#.##.#
.............< #.......##.#
........#..... #.#.........


You could see a jelly.

Vanquished Creatures
  3 adders (D:2)
  A worm (D:2)
  A dart slug (D:1)
  2 bats (D:1)
  2 endoplasms (D:2)
  2 goblins (D:1)
  5 hobgoblins
  A quokka (D:1)
  4 ball pythons
  5 frilled lizards
  11 kobolds
  3 rats
40 creatures vanquished.

Vanquished Creatures (collateral kills)
  3 endoplasms (D:2)
3 creatures vanquished.

Vanquished Creatures (others)
  A jelly (D:2)
  11 toadstools (D:2)
12 creatures vanquished.

Grand Total: 55 creatures vanquished

Notes
Turn   | Place    | Note
-------+----------+-------------------------------------------
     0 | D:1      | GameOver the Naga Hedge Wizard began the quest for the Orb.
     0 | D:1      | Reached XP level 1. HP: 15/15 MP: 4/4
    55 | D:1      | Found a faded altar of an unknown god.
   107 | D:1      | Reached skill level 2 in Conjurations
   107 | D:1      | Reached XP level 2. HP: 22/22 MP: 4/6
   841 | D:2      | Reached skill level 3 in Conjurations
   841 | D:2      | Reached XP level 3. HP: 28/28 MP: 2/7
   844 | D:2      | Learned a level 2 spell: Blink
   848 | D:2      | Learned a level 3 spell: Mephitic Cloud
  1001 | D:2      | Reached XP level 4. HP: 26/36 MP: 3/8
  1143 | D:2      | Reached skill level 4 in Conjurations
  1150 | D:2      | Splashed by a jelly's acid

Illustrated notes

Levels and vault maps discovered:
D:1:      dpeg_arrival_radiant, layout_loops_corners,
          hellmonk_ecumenical_altar_arch_garden
D:2:      cheibrodos_fertilizer, layout_basic, basic_altar, uniq_jessica

Skill      XL: |  1  2  3  4 |
---------------+-------------+-----
Conjurations   | 2 3 4 |  4.0
Dodging        | |  1.5
Stealth        | |  3.0
Spellcasting   | |  3.0
Summonings     | |  1.0
Translocations | |  1.0

Action                   |  1- 3 |  4- 6 || total
-------------------------+-------+-------++-------
Melee: Spear             |       |    11 ||    11
 Cast: Magic Dart        |    36 |    19 ||    55
 Abil: Spit Poison       |    29 |    10 ||    39
Evoke: Wand              |       |     3 ||     3
Armor: Robe              |       |     4 ||     4
Dodge: Dodged            |     3 |     8 ||    11
